 Dungeon Crawl Stone Soup version 0.30.1-4-g462c640d31 (webtiles) character file.

Game seed: 12475789788751561842

594 growler the Digger (level 7, -2/41 HPs)
             Began as an Octopode Earth Elementalist on Sept 11, 2023.
             Was an Initiate of Wu Jian.
             Slain by an iguana (15 damage)
             ... on level 5 of the Dungeon.
             The game lasted 00:11:35 (4177 turns).

growler the Digger (Octopode Earth Elementalist)    Turns: 4177, Time: 00:11:36

Health: -2/41      AC:  1    Str:  7    XL:     7   Next: 39%
Magic:  8/14       EV: 13    Int: 19    God:    Wu Jian [......]
Gold:   190        SH:  0    Dex: 13    Spells: 6/16 levels left

rFire   . . .        (no weapon)
rCold   . . .        (no shield)
rNeg    . . .        (helmet restricted)
rPois   .            (no amulet)
rElec   .            (no ring)
rCorr   .            (no ring)
SInv    .            (no ring)
Will    .....        (no ring)
Stlth   +++          (no ring)
HPRegen 0.26/turn    (no ring)
MPRegen 0.14/turn    (no ring)
                     (no ring)

%: no passive effects
@: no status effects
A: almost no armour, amphibious, 8 rings, camouflage 1, gelatinous body 1,
(nimble swimmer 1), tentacles
a: Renounce Religion


You were on level 5 of the Dungeon.
You worshipped Wu Jian.
Wu Jian was noncommittal.
You visited 2 branches of the dungeon, and saw 6 of its levels.

You collected 190 gold pieces.

Inventory:

Scrolls
 c - a scroll of fog
 d - 2 scrolls of fear
 e - a scroll of vulnerability
 g - a scroll of enchant weapon {unknown}
 h - a scroll of summoning {unknown}
 k - a scroll of immolation {unknown}
 l - a scroll of amnesia
 n - a scroll of poison {unknown}
 o - a scroll of blinking {unknown}
 q - a scroll of enchant armour {unknown}
 r - 3 scrolls of teleportation {unknown}
 t - a scroll of identify
Potions
 a - 3 potions of magic
 b - a potion of mutation {unknown}
 f - 6 potions of curing {unknown}
 i - 3 potions of invisibility {unknown}
 j - a potion of berserk rage
 m - a potion of attraction
 p - 2 potions of lignification {unknown}
 s - a potion of heal wounds


   Skills:
 - Level 2.0 Dodging
 - Level 2.6 Stealth
 - Level 5.0 Spellcasting
 - Level 1.0 Transmutations
 + Level 6.5 Earth Magic


You had 6 spell levels left.
You knew the following spells:

 Your Spells              Type           Power      Damage    Failure   Level
a - Sandblast             Erth           58%        2d13      1%          1
b - Passwall              Tmut/Erth      15%        N/A       4%          2
c - Stone Arrow           Conj/Erth      34%        3d9       10%         3
d - Petrify               Tmut/Erth      19%        N/A       26%         4

Your spell library contained the following spells:

 Spells                   Type           Power      Damage    Failure   Level


Dungeon Overview and Level Annotations

Branches:
Dungeon (4/15)             Temple (1/1) D:4

Altars:
Ashenzari
Cheibriados
Dithmenos
Elyvilon
Fedhas
Gozag
Hepliaklqana
Nemelex Xobeh
Okawaru
Qazlal
Sif Muna
Trog
Uskayaw
Vehumet
Wu Jian
Xom
Yredelemnul
Zin
The Shining One

Shops:
D:2 (


Innate Abilities, Weirdness & Mutations

You cannot wear most types of armour.
You are amphibious.
You can wear up to eight rings at the same time.
Your skin changes colour to match your surroundings (Stealth+).
Your rubbery body absorbs attacks. (AC +1, EV +1)
((You are camouflaged when in or above water. (Stealth+)))
You have tentacles for arms and can constrict up to eight enemies at once.


Message History

The Council accepts your kill.
Casting: Sandblast (safe; 1% risk of failure)
Confirm with . or Enter, or press ? or * to list all spells.
Aiming: Sandblast (safe; 1% risk of failure)
Press: ? - help, Shift-Dir - straight line, f - gnoll bouda
Aim: a gnoll bouda, wielding a +0 whip and wearing a +0 robe (85% to hit)
The blast of sand hits the gnoll bouda!
The gnoll bouda is severely wounded.
Your attacks no longer feel as feeble.
An iguana comes into view.
Casting: Sandblast (safe; 1% risk of failure)
Confirm with . or Enter, or press ? or * to list all spells.
Aiming: Sandblast (safe; 1% risk of failure)
Press: ? - help, Shift-Dir - straight line, f/p - gnoll bouda
Aim: a gnoll bouda, wielding a +0 whip and wearing a +0 robe (severely wounded, 85% to hit)
The blast of sand hits the gnoll bouda!
You kill the gnoll bouda!
The Council accepts your kill.
The iguana hisses angrily.
The iguana closely misses you.
Casting: Sandblast (safe; 1% risk of failure)
Confirm with . or Enter, or press ? or * to list all spells.
Aiming: Sandblast (safe; 1% risk of failure)
Press: ? - help, Shift-Dir - straight line, f - gnoll
Aim: a gnoll, wielding a +0 whip (covering ground quickly, 85% to hit)
The blast of sand hits the gnoll!
The gnoll is severely wounded.
The gnoll barely misses you. The iguana bites you!
The gnoll hits you with a +0 whip! The iguana bites you!
Casting: Sandblast (safe; 1% risk of failure)
Confirm with . or Enter, or press ? or * to list all spells.
Aiming: Sandblast (safe; 1% risk of failure)
Press: ? - help, Shift-Dir - straight line, f/p - gnoll
Aim: a gnoll, wielding a +0 whip (severely wounded, covering ground quickly, 85% to hit)
The blast of sand hits the gnoll!
You kill the gnoll!
The Council accepts your kill. The iguana bites you.
The iguana attacks as you move away! The iguana bites you!
You die...

# .# .# #.#######... .
........ ...
###########...#.
..#####......)@......)
#.......#######l....##
...####..# ...###
#.)...# ...# ...##g.#
#.## #####. ).# .# ...
# g# .# ## g# .# .


You could see an iguana.

Vanquished Creatures
  Menkaure (D:4)
  A phantom (D:4)
  A hound (D:4)
  2 jellies (D:4)
  An orc priest (D:4)
  2 gnoll boudas
  6 adders
  8 gnolls
  6 dart slugs
  7 orcs
  5 bats
  4 endoplasms
  A giant cockroach (D:3)
  8 goblins
  5 hobgoblins
  9 jackals
  8 quokkas
  6 ball pythons
  A frilled lizard (D:1)
  6 kobolds
  2 rats
90 creatures vanquished.

Notes
Turn   | Place    | Note
-------+----------+-------------------------------------------
     0 | D:1      | growler the Octopode Earth Elementalist began the quest for
                  | the Orb.
     0 | D:1      | Reached XP level 1. HP: 11/11 MP: 3/3
   145 | D:1      | Reached XP level 2. HP: 17/17 MP: 3/5
   178 | D:1      | Learned a level 2 spell: Passwall
   233 | D:1      | Found a faded altar of an unknown god.
   327 | D:1      | Reached XP level 3. HP: 4/21 MP: 0/7
   408 | D:1      | Learned a level 3 spell: Stone Arrow
  1041 | D:2      | Found Avoalog's Weapon Emporium.
  1301 | D:2      | Reached XP level 4. HP: 27/27 MP: 6/8
  1385 | D:2      | Reached skill level 4 in Earth Magic
  2913 | D:3      | Reached XP level 5. HP: 31/31 MP: 8/10
  3231 | D:3      | Found a broken altar of Ashenzari.
  3233 | D:3      | Found a hide-covered altar of Uskayaw.
  3242 | D:3      | Found a white marble altar of Elyvilon.
  3243 | D:3      | Found a glowing silver altar of Zin.
  3244 | D:3      | Found a sparkling altar of Nemelex Xobeh.
  3244 | D:3      | Found an opulent altar of Gozag.
  3244 | D:3      | Found a stormy altar of Qazlal.
  3245 | D:3      | Found a shimmering altar of Xom.
  3247 | D:3      | Found an iron altar of Okawaru.
  3249 | D:3      | Found a basalt altar of Yredelemnul.
  3471 | D:4      | Noticed a phantom
  3479 | D:4      | Killed a phantom
  3590 | D:4      | Reached skill level 5 in Earth Magic
  3590 | D:4      | Reached XP level 6. HP: 36/36 MP: 10/12
  3813 | D:4      | Learned a level 4 spell: Petrify
  3835 | D:4      | Found a staircase to the Ecumenical Temple.
  3844 | Temple   | Entered the Ecumenical Temple
  3955 | Temple   | Became a worshipper of the Wu Jian Council
  4122 | D:4      | Noticed Menkaure
  4124 | D:4      | Killed Menkaure
  4125 | D:4      | Reached skill level 5 in Spellcasting
  4125 | D:4      | Reached skill level 6 in Earth Magic
  4125 | D:4      | Reached XP level 7. HP: 41/41 MP: 11/14
  4152 | D:4      | You fall into a shaft and drop 1 floor!
  4152 | D:5      | Entered Level 5 of the Dungeon
  4177 | D:5      | Slain by an iguana

Illustrated notes

Levels and vault maps discovered:
D:1:      dpeg_arrival_round_b, layout_loops_cross,
          ebering_ecumenical_altar_sacrificial, corexii_item_surrounded_by_moat
D:2:      layout_loops_corners, serial_shops, shop_statue
D:3:      layout_basic, minitemple
D:4:      layout_gridville, temple_statues, uniq_menkaure
D:5:      layout_loops_ring, marbit_many_paths, serial_co_window_serial,
          co_window_paths_b, co_window_paths_b, co_window_corner_a,
          co_window_paths_a, co_window_paths_a, co_window_corner_a,
          co_window_paths_a, co_window_of_opportunity_a,
          co_window_of_opportunity_a, co_window_cross_2, co_window_broadway_b,
          co_window_corner_ca, co_window_broadway_c, glass_columns_a
Temple:   hellmonk_temple_flake

Skill      XL: |  1  2  3  4  5  6 |
---------------+-------------------+-----
Spellcasting   | 3 4 5 |  5.0
Earth Magic    | 4 5 6 |  6.5
Dodging        | |  2.0
Stealth        | |  2.6
Transmutations | |  1.0

Action                     |  1- 3 |  4- 6 |  7- 9 || total
---------------------------+-------+-------+-------++-------
  Melee: Unarmed           |     9 |       |       ||     9
         Constrict         |     2 |       |       ||     2
         Punch             |     1 |       |       ||     1
         Tentacles         |     1 |       |       ||     1
   Cast: Sandblast         |    44 |    87 |    10 ||   141
    Use: Scroll            |     1 |     6 |       ||     7
 Armour: Skin              |     5 |     1 |       ||     6
  Dodge: Dodged            |    24 |    31 |     3 ||    58
